 Dungeon Crawl Stone Soup version 0.31-a0-1009-g454b1f1e0a (webtiles) character file.

Game seed: 9166406713854404235

198492 Jannitor the Fighter (level 17, -7/150 HPs)
             Began as a Demigod Delver on Nov 12, 2023.
             Mangled by a +0 heavy long sword (18 damage)
             ... while paralysed by an air elemental
             ... on level 1 of the Elven Halls on Nov 14, 2023.
             The game lasted 01:24:49 (33062 turns).

Jannitor the Fighter (Demigod Delver)              Turns: 33062, Time: 01:24:50

Health: -7/150     AC: 29    Str: 29    XL:     17   Next: 22%
Magic:  23/23      EV:  2    Int: 12    God:
Gold:   1150       SH:  0    Dex: 22    Spells: 19/19 levels left

rFire   . . .        P - +9 demon blade (flame)
rCold   + . .        W - +2 tower shield {rC+}
rNeg    . . .        g - +2 plate armour {rPois}
rPois   +            f - +4 helmet "Adwom" {Rampage Will+}
rElec   .            H - +1 cloak {Will+}
rCorr   .            J - +2 pair of gloves {Dex+3}
SInv    .            (no boots)
Will    +++..        x - amulet of regeneration Stlth
                     h - +5 ring of evasion
HPRegen 1.25/turn    K - +5 ring of evasion
MPRegen 0.18/turn

%: rampage
@: paralysed
A: high MP 1, forlorn, divine attributes
}: 1/15 runes: serpentine
a: no special abilities


You were on level 1 of the Elven Halls.
You visited 6 branches of the dungeon, and saw 28 of its levels.
You also visited: Ice Cave.

You collected 2705 gold pieces.
You spent 1555 gold pieces at shops.

Inventory:

Hand Weapons
 q - a +1 demon blade of electrocution
 N - a +3 scimitar of flaming
 P - a +9 demon blade of flaming (weapon)
Missiles
 k - 3 javelins
 w - 4 throwing nets
Armour
 b - the +1 hat of Muttered Phrases {+Inv rF+ Regen+ Stlth+}
   (You bought it in a shop on level 2 of the Orcish Mines)

   rF+:       It protects you from fire.
   +Inv:      It lets you turn invisible.
   Regen+:    It increases your rate of health regeneration.
   Stlth+:    It makes you more stealthy.
 f - the +4 helmet "Adwom" (worn) {Rampage Will+}
   (You bought it in a shop on level 2 of the Orcish Mines)

   Will+:     It increases your willpower.
   Rampage:   It bestows one free step when moving towards enemies.
 g - a +2 plate armour of poison resistance (worn)
 H - a +1 cloak of willpower (worn)
 J - a +2 pair of gloves of dexterity (worn)
 W - a +2 tower shield of cold resistance (worn)
Jewellery
 h - a +5 ring of evasion (left hand)
 i - a ring of resist corrosion
 j - a ring of poison resistance
 m - a ring of ice
 u - a ring of willpower
 x - an amulet of regeneration (around neck)
 C - a ring of protection from fire
 E - a ring of ice
 K - a +5 ring of evasion (right hand)
 V - a +4 ring of protection
Wands
 B - a wand of charming (5)
 G - a wand of flame (45)
 Q - a wand of mindburst (5)
 R - a wand of iceblast (11)
Scrolls
 d - a scroll of revelation
 e - 3 scrolls of identify
 l - 3 scrolls of amnesia
 F - 4 scrolls of vulnerability
 S - a scroll of torment
 T - 3 scrolls of immolation
 U - a scroll of brand weapon
Potions
 n - a potion of mutation
 v - 4 potions of cancellation
 D - 4 potions of curing
 I - a potion of ambrosia
 L - 3 potions of attraction
 O - a potion of invisibility
 X - a potion of resistance
Miscellaneous
 p - a tin of tremorstones (inert)
 s - a phantom mirror
 A - a phial of floods
 Z - a lightning rod (4/4)


   Skills:
 + Level 13.4 Fighting
 + Level 13.1 Long Blades
 - Level 1.5(5.9) Axes
 - Level 9.0(9.1) Maces & Flails
 + Level 13.0 Armour
 - Level 9.4 Dodging
 - Level 4.7 Stealth
 + Level 11.4 Shields
 + Level 1.9 Spellcasting
 + Level 12.4 Evocations


You had 19 spell levels left.
You didn't know any spells.
Your spell library contained the following spells:

 Spells                   Type           Power      Damage    Failure   Level
 Freeze                   Ice            4%         1d3       99%         1
 Kiss of Death            Conj/Necr      4%         2d5       99%         1
 Magic Dart               Conj           4%         1d3       99%         1
 Necrotise                Necr           4%         1d4       99%         1
 Shock                    Conj/Air       4%         1d3       99%         1
 Summon Small Mammal      Summ           4%         N/A       99%         1
 Lesser Beckoning         Tloc           2%         N/A       100%        2
 Searing Ray              Conj           2%         2d4       100%        2
 Sublimation of Blood     Necr           1%         N/A       100%        2
 Wereblood                Tmut           1%         N/A       100%        2
 Call Canine Familiar     Summ           1%         N/A       100%        3
 Confusing Touch          Hex            1%         N/A       100%        3
 Dazzling Flash           Conj/Hex       2%         N/A       100%        3
 Frozen Ramparts          Ice            2%         1d1       100%        3
 Gell's Gravitas          Tloc           1%         N/A       100%        3
 Hailstorm                Conj/Ice       1%         3d3       100%        3
 Ignite Poison            Fire/Tmut/Pois 1%         N/A       100%        3
 Inner Flame              Hex/Fire       1%         N/A       100%        3
 Summon Guardian Golem    Hex/Summ       1%         N/A       100%        3
 Swiftness                Air            1%         N/A       100%        3
 Teleport Other           Tloc           1%         N/A       100%        3
 Volatile Blastmotes      Fire/Tloc      2%         2d10      100%        3
 Airstrike                Air            0%         2d(1-17)  100%        4
 Dispel Undead            Necr           1%         3d6       100%        4
 Fulminant Prism          Conj/Hex       0%         3d5       100%        4
 Alistair's Intoxication  Tmut/Pois      0%         N/A       100%        5
 Freezing Cloud           Conj/Ice/Air   0%         6-21      100%        5
 Conjure Ball Lightning   Conj/Air       0%         3x3d6     100%        6
 Starburst                Conj/Fire      0%         6d3       100%        6
 Haunt                    Necr/Summ      0%         N/A       100%        7
 Summon Hydra             Summ           0%         N/A       100%        7
 Discord                  Hex            0%         N/A       100%        8
 Disjunction              Tloc           0%         N/A       100%        8
 Maxwell's Capacitive Co  Air            0%         ∞         100%        8


Dungeon Overview and Level Annotations

Branches:
Dungeon (15/15)            Temple (1/1) D:6            Lair (5/5) D:9
  Snake (4/4) Lair:2        Slime (0/5) Lair:5          Orc (2/2) D:10
    Elf (1/3) Orc:2        Vaults (0/5) D:14         Depths (0/4) D:15
  IceCv (visited)
  Swamp: Lair:2-3    Shoals: Lair:2-3

Shops:
D:10 (   D:12 *   Orc:1 =   Orc:2 =[(*   Snake:3 :   Snake:4 *[!(

Annotations:
Snake:2 Roxanne


Innate Abilities, Weirdness & Mutations

You have an increased reservoir of magic. (+10% MP)
You shall have no god before yourself.
Your divine heritage dramatically boosts your attributes as you level up.


Message History

* * * LOW HITPOINT WARNING * * *
The air elemental fires a burst of electricity at you.
The stunning burst hits the +0 heavy long sword.
The +0 heavy long sword completely resists.
The stunning burst hits you but does no damage.
You shrug off the repeated paralysis!
The deep elf pyromancer is engulfed in poison gas.
The deep elf pyromancer looks even sicker.
The deep elf pyromancer points at you and mumbles some strange words.
The bolt of fire hits you!!
* * * LOW HITPOINT WARNING * * *
The deep elf high priest is engulfed in poison gas.
The deep elf high priest is poisoned.
Items here: )) ††.
You feel better.
The air elemental fires a burst of electricity at you.
The stunning burst misses you. The +0 heavy long sword hits you!
* * * LOW HITPOINT WARNING * * *
The deep elf pyromancer is engulfed in poison gas.
The deep elf pyromancer looks as sick as possible!
You block the air elemental's attack.
A deep elf demonologist comes into view.
It is wielding a +0 long sword.
A deep elf zephyrmancer comes into view.
It is wielding a +0 dagger.
Unknown command.
Unknown command.
Okay, then.
Unknown command.
Okay, then.
Unknown command.
Okay, then.
Unknown command.
The sentinel's mark upon you fades away.
The air elemental fires a burst of electricity at you.
The stunning burst misses you.
The air elemental fires a burst of electricity at you.
The stunning burst hits you but does no damage.
You suddenly lose the ability to move!
The +0 heavy long sword attacks as it pursues you!
The +0 heavy long sword hits you!!
You die...

###e ##ee§e.#
##§§§##☼☼☼☼.#
#.☼§○e§§§.#
#.§§§○☼☼§e#
#~☼○§§☼§☼§#
#~§§○☼§e§§#
#~§☼§§○E○§#
#.§○§(§☼○§#
#.○§§@§☼§§#
#.○§☼§§§§☼#
##○○☼☼☼§☼##
##.....##
#######


You could see a deep elf high priest (poisoned), a deep elf pyromancer
(extremely poisoned), a deep elf zephyrmancer (very poisoned), an air elemental
and a +0 heavy long sword.

Vanquished Creatures
  Vashnia (Snake:3)
  Jorgrun (Orc:2)
  Mlioglotl (Snake:3)
  Asterion (Snake:3)
  A quicksilver dragon (Snake:4)
  Frances (Snake:2)
  Agnes (Snake:4)
  Aizul (Snake:3)
  Donald (Snake:4)
  5 nagarajas
  The ghost of Xankemn the Severer, a journeyman MiBe of Trog (Lair:4)
  Louise (Snake:3)
  2 orc warlords (Orc:1)
  2 very ugly things
  3 dire elephants (Lair:5)
  4 salamander tyrants
  An entropy weaver (D:14)
  5 hydras
  Harold (D:9)
  A vault guard (D:14)
  An ogre mage (D:15)
  4 centaur warriors (D:14)
  2 boulder beetles (D:13)
  A catoblepas (Lair:1)
  12 anacondas
  Erica (D:9)
  10 naga warriors
  A tengu warrior (D:15)
  6 two-headed ogres
  15 naga sharpshooters
  A demonic crawler (D:13)
  An orc high priest (Orc:2)
  6 shock serpents
  3 death yaks
  Urug (D:13)
  A skyshark (Lair:5)
  3 salamander mystics
  A glowing orange brain (D:15)
  10 sea snakes
  An orange crystal statue (IceCv)
  8 naga ritualists
  An obsidian statue (Lair:5)
  7 orc knights
  A deep elf zephyrmancer (Elf:1)
  4 necromancers (Lair:5)
  10 ugly things
  4 deep elf pyromancers
  14 mana vipers
  3 orc sorcerers (Orc:2)
  8 cyclopes
  2 manticores
  12 salamanders
  4 guardian serpents
  43 black mambas
  17 elephants
  17 naga magi
  A gargoyle (D:12)
  A rust devil (D:13)
  14 cane toads
  A torpor snail (Lair:4)
  3 kobold demonologists
  2 dire elephant skeletons (Lair:5)
  2 freezing wraiths (IceCv)
  3 efreet
  2 unseen horrors
  3 rime drakes
  A tengu conjurer (D:15)
  6 komodo dragons
  A polar bear (Lair:5)
  A golden dragon simulacrum (IceCv)
  9 trolls
  2 hellwings (D:13)
  A queen bee (shapeshifter) (D:13)
  A tyrant leech (Lair:2)
  A tarantella (shapeshifter) (D:15)
  The ghost of pokoloko the Poker, an amateur HuBe of Trog (D:4)
  A hornet (D:10)
  15 blink frogs
  20 dream sheep
  A spectral elephant (Lair:5)
  27 slime creatures
  4 wraiths
  2 vampires
  55 yaks
  3 wyverns
  4 basilisks
  3 steam dragons
  2 spectral cane toads (Lair:5)
  A harpy simulacrum (IceCv)
  41 nagas
  15 vampire mosquitoes
  3 wargs
  3 swamp worms (Lair:2)
  14 water moccasins
  39 orc warriors
  3 black bears
  2 ettin simulacra (IceCv)
  8 ogres
  7 centaurs
  A boggart (D:9)
  14 wolves
  An elephant skeleton (Lair:5)
  A phantom (D:6)
  Blork the orc (D:4)
  12 bullfrogs
  6 kobold brigands
  A scorpion (D:7)
  4 gnoll sergeants
  A cane toad simulacrum (Lair:5)
  9 wights
  5 killer bees
  A vampire bat (D:14)
  A jelly (D:4)
  5 electric eels
  10 howler monkeys
  A crimson imp (D:13)
  3 hounds
  4 quasits (D:13)
  20 orc priests
  Crazy Yiuf (D:7)
  2 iron imps (D:13)
  An iguana (D:5)
  19 orc wizards
  6 adders
  20 gnolls
  4 river rats (D:13)
  2 shadow imps (D:13)
  4 white imps
  4 ufetubi (D:13)
  3 worms
  3 dart slugs
  58 orcs
  5 endoplasms
  4 giant cockroaches
  11 goblins
  9 hobgoblins
  A jackal (D:4)
  28 kobolds
  8 ball pythons
  7 bats
  2 frilled lizards (D:2)
  A rat (D:2)
  A starspawn tentacle (Snake:3)
905 creatures vanquished.

Vanquished Creatures (collateral kills)
  A nagaraja (Snake:3)
  A very ugly thing (IceCv)
  Nessos (Lair:4)
  A boulder beetle (Lair:4)
  A naga warrior (Snake:3)
  A shock serpent (Snake:4)
  A naga sharpshooter (Snake:1)
  A skyshark (Lair:2)
  An orc knight (Orc:1)
  An ugly thing (D:12)
  A guardian serpent (Snake:3)
  A black mamba (Snake:1)
  An alligator simulacrum (IceCv)
  A dream sheep (Lair:4)
  A blink frog (Lair:1)
  Grum (D:10)
  A naga (Snake:1)
  A harpy simulacrum (IceCv)
  An orc warrior (Orc:1)
  3 wolves (Lair:2)
  A bullfrog (Lair:1)
  A howler monkey (D:12)
  2 kobolds (D:10)
26 creatures vanquished.

Vanquished Creatures (others)
  A caustic shrike simulacrum (IceCv)
  An orc knight (Orc:1)
  2 cane toads (Lair:4)
  An anaconda simulacrum (IceCv)
  A dream sheep (Lair:4)
  2 starspawn tentacles (Snake:3)
8 creatures vanquished.

Grand Total: 939 creatures vanquished

Notes
Turn   | Place    | Note
-------+----------+-------------------------------------------
     0 | D:5      | Jannitor the Demigod Delver began the quest for the Orb.
     0 | D:5      | Reached XP level 1. HP: 18/18 MP: 3/3
    53 | D:5      | Noticed a black bear
    72 | D:5      | Noticed a hound
   329 | D:3      | Reached XP level 2. HP: 22/25 MP: 4/4
  1206 | D:2      | Reached XP level 3. HP: 31/31 MP: 5/5
  1451 | D:2      | Reached skill level 1 in Armour
  1870 | D:3      | Identified the +0 leather armour of Yskiasei {Str+3 Int+5}
  1987 | D:3      | Reached skill level 1 in Axes
  1987 | D:3      | Reached XP level 4. HP: 35/38 MP: 6/6
  2224 | D:3      | Reached XP level 5. HP: 17/45 MP: 7/7
  2731 | D:4      | Found a runed translucent gate.
  2731 | D:4      | Found a runed translucent gate.
  2731 | D:4      | Found a runed translucent gate.
  2932 | D:4      | Noticed Blork the orc
  2944 | D:4      | Killed Blork the orc
  2945 | D:4      | Reached XP level 6. HP: 29/52 MP: 8/8
  3081 | D:4      | Noticed pokoloko's ghost (amateur HuBe)
  4048 | D:5      | Reached XP level 7. HP: 60/60 MP: 9/9
  4498 | D:6      | Reached skill level 1 in Evocations
  4692 | D:6      | Found a staircase to the Ecumenical Temple.
  4889 | D:6      | Noticed a shadow
  4898 | Temple   | Entered the Ecumenical Temple
  5249 | D:7      | Noticed a steam dragon
  5318 | D:7      | Reached skill level 5 in Fighting
  5384 | D:7      | Reached XP level 8. HP: 43/68 MP: 10/10
  5556 | D:7      | Found a runed translucent door.
  5557 | D:7      | Noticed Crazy Yiuf
  5633 | D:7      | Reached skill level 5 in Dodging
  6236 | D:7      | Killed Crazy Yiuf
  6275 | D:8      | Identified the "Biekuhe"
  6317 | D:8      | Noticed a two-headed ogre
  6329 | D:8      | Killed a two-headed ogre
  6330 | D:8      | Reached skill level 5 in Maces & Flails
  6330 | D:8      | Reached skill level 5 in Armour
  6330 | D:8      | Reached XP level 9. HP: 75/75 MP: 11/11
  7132 | D:9      | Found a staircase to the Lair.
  7132 | D:9      | Noticed Erica
  7137 | D:9      | Killed Erica
  7472 | D:9      | Reached skill level 5 in Evocations
  7489 | D:9      | Reached XP level 10. HP: 54/84 MP: 13/13
  7513 | D:9      | Noticed a five-headed hydra
  7513 | D:9      | Noticed a cyclops
  7586 | D:9      | Noticed Harold
  7589 | D:10     | Entered Level 10 of the Dungeon
  7589 | D:10     | Found a staircase to the Orcish Mines.
  7709 | D:15     | Identified the "Momer"
  7709 | Lair:5   | Identified the "Puxebb"
  7709 | Orc:1    | Entered Level 1 of the Orcish Mines
  7897 | D:10     | Reached skill level 1 in Shields
  8194 | Orc:1    | Noticed an orc warlord
  8340 | D:9      | Killed Harold
  8559 | D:9      | Noticed a two-headed ogre
  8852 | D:9      | Killed a cyclops
  8881 | D:9      | Killed a two-headed ogre
  9236 | Lair:1   | Entered Level 1 of the Lair of Beasts
  9601 | Lair:1   | Reached XP level 11. HP: 33/94 MP: 14/14
  9882 | Lair:1   | Noticed a catoblepas
 10334 | Lair:1   | Noticed a catoblepas
 10341 | Lair:1   | Killed a catoblepas
 10874 | Lair:2   | Found a staircase to the Snake Pit.
 11194 | Lair:2   | Noticed a skyshark
 11357 | Lair:2   | Killed a skyshark
 11911 | Lair:2   | Noticed a seven-headed hydra
 12148 | Lair:3   | Reached XP level 12. HP: 103/103 MP: 15/15
 12164 | Lair:3   | Reached skill level 5 in Shields
 13263 | Lair:4   | Noticed a boulder beetle
 13314 | Lair:4   | Noticed Nessos
 13565 | D:10     | Killed a five-headed hydra
 13688 | D:10     | Noticed Grum
 13810 | Orc:1    | Found a transporter.
 13829 | Orc:1    | Found a transporter.
 13876 | Orc:1    | Found a transporter.
 13886 | Orc:1    | Noticed an orc warlord
 13886 | Orc:1    | Found a transporter.
 13910 | Orc:1    | Killed an orc warlord
 13970 | Orc:1    | Reached skill level 1 in Long Blades
 14021 | Orc:2    | Entered Level 2 of the Orcish Mines
 14290 | Lair:4   | Killed a boulder beetle
 14291 | Lair:4   | Killed Nessos
 14294 | Lair:5   | Entered Level 5 of the Lair of Beasts
 14294 | Lair:5   | Noticed a seven-headed hydra
 14358 | Lair:4   | Reached XP level 13. HP: 73/111 MP: 16/16
 14649 | Lair:4   | Reached skill level 5 in Long Blades
 14668 | Lair:4   | Found a runed translucent gate.
 14668 | Lair:4   | Found a runed translucent gate.
 14669 | Lair:4   | Found a runed translucent gate.
 14672 | Lair:4   | Noticed Xankemn's ghost (journeyman MiBe)
 15899 | D:10     | Killed Grum
 16865 | Orc:1    | Found Biequrod's Jewellery Shop.
 17595 | Orc:1    | Killed an orc warlord
 17739 | Orc:2    | Noticed Jorgrun
 17770 | Orc:2    | Killed Jorgrun
 18229 | Orc:2    | Noticed an orc warlord
 18832 | Orc:2    | Found a staircase to the Elven Halls.
 18996 | Orc:2    | Found Icoin's Jewellery Emporium.
 19048 | Orc:2    | Found Zuapnab's Antique Weapon Emporium.
 19074 | Orc:2    | Found Ceaw's General Store.
 19099 | Orc:2    | Found Wuclurgh's Antique Armour Emporium.
 19105 | Orc:2    | Bought a translucent hat for 297 gold pieces
 19105 | Orc:2    | Identified the +1 hat of Muttered Phrases {+Inv rF+ Regen+
                  | Stlth+} (You bought it in a shop on level 2 of the Orcish
                  | Mines)
 19105 | Orc:2    | Bought a shimmering helmet for 313 gold pieces
 19105 | Orc:2    | Identified the +4 helmet "Adwom" {Rampage Will+} (You
                  | bought it in a shop on level 2 of the Orcish Mines)
 19397 | D:12     | Reached skill level 10 in Fighting
 19430 | D:12     | Found Xeptul's Assorted Antiques.
 19433 | D:12     | Bought a glimmering triple sword for 480 gold pieces
 19433 | D:12     | Identified the +0 triple sword of the Lonely Tales {drain,
                  | *Corrode rF+++} (You bought it in a shop on level 12 of the
                  | Dungeon)
 19434 | D:12     | Bought a scroll labelled UNLOHI YFOUS for 32 gold pieces
 19434 | D:12     | Bought a scroll of enchant weapon for 240 gold pieces
 19434 | D:12     | Bought a yellow potion for 28 gold pieces
 19669 | D:12     | Reached XP level 14. HP: 111/121 MP: 17/17
 20465 | D:4      | Killed pokoloko's ghost
 20702 | Lair:4   | Killed Xankemn's ghost
 20943 | Lair:5   | Reached skill level 10 in Long Blades
 21103 | Lair:5   | Reached skill level 10 in Armour
 21401 | Lair:5   | Found a staircase to the Slime Pits.
 21760 | D:10     | Identified the +7 war axe of Charity {holy, rCorr Str+4
                  | Dex-2}
 21788 | D:10     | Found Vamoejaf's Antique Weapon Emporium.
 22752 | D:14     | Found a gate to the Vaults.
 23312 | D:13     | Noticed Urug
 23329 | D:13     | Killed Urug
 23531 | D:15     | Entered Level 15 of the Dungeon
 23729 | D:15     | Reached skill level 10 in Evocations
 23764 | D:15     | Reached XP level 15. HP: 130/130 MP: 18/18
 24236 | D:15     | Found a staircase to the Depths.
 25670 | Snake:1  | Entered Level 1 of the Snake Pit
 26726 | Snake:2  | Noticed Roxanne
 27088 | Snake:2  | Noticed Frances
 27163 | Snake:2  | Killed Frances
 27558 | Snake:2  | Reached XP level 16. HP: 139/139 MP: 19/19
 27814 | Snake:2  | Reached skill level 10 in Shields
 28557 | Snake:3  | Found a frozen archway.
 28575 | IceCv    | Entered an ice cave
 28627 | IceCv    | Found a transporter.
 28647 | IceCv    | Found a transporter.
 28994 | Snake:3  | Noticed Asterion
 28998 | Snake:3  | Noticed Vashnia
 29006 | Snake:3  | Killed Asterion
 29174 | Snake:3  | Killed Vashnia
 29441 | Snake:3  | Found Todwytur's Book Emporium.
 29478 | Snake:3  | Identified the serpent talisman of Soklu {+Blink rCorr
                  | Int-2 Dex+4}
 29478 | Snake:3  | Noticed Aizul
 29493 | Snake:3  | Killed Aizul
 30220 | Snake:4  | Entered Level 4 of the Snake Pit
 30367 | Snake:4  | Found Eniph's Antique Weapon Emporium.
 30372 | Snake:4  | Noticed Donald
 30374 | Snake:4  | Found Ykavie's Distillery.
 30374 | Snake:4  | Found Ymulecwo's Armour Shoppe.
 30392 | Snake:4  | Killed Donald
 30429 | Snake:4  | Found Ocaig's Assorted Antiques.
 30432 | Snake:4  | Bought a potion of heal wounds for 75 gold pieces
 30432 | Snake:4  | Bought 2 potions of curing for 90 gold pieces
 30657 | Snake:4  | Noticed Agnes
 30677 | Snake:4  | Killed Agnes
 30710 | Snake:4  | Noticed Louise
 30711 | Snake:4  | Noticed Mlioglotl
 30729 | Snake:3  | Killed Louise
 31030 | Snake:3  | Upgraded the game from 0.31-a0-1008-g5b978dac0e to
                  | 0.31-a0-1009-g454b1f1e0a
 31122 | Snake:3  | Noticed a tentacled starspawn
 31132 | Snake:3  | Killed Mlioglotl
 31257 | Snake:3  | Reached XP level 17. HP: 150/150 MP: 21/21
 31337 | Snake:3  | Reached skill level 1 in Spellcasting
 31889 | Snake:4  | Identified the +6 chain mail "Paugasm" {rCorr MP+9 SInv
                  | Stlth-}
 32240 | Snake:4  | Noticed a quicksilver dragon
 32243 | Snake:4  | Killed a quicksilver dragon
 32658 | Snake:4  | Got a serpentine rune of Zot
 33029 | Depths:3 | Identified the of Jusef
 33029 | Elf:1    | Entered Level 1 of the Elven Halls
 33054 | Elf:1    | Paralysed by an air elemental for 1 turns
 33058 | Elf:1    | Paralysed by an air elemental for 1 turns
 33062 | Elf:1    | Paralysed by an air elemental for 1 turns
 33062 | Elf:1    | Mangled by a +0 heavy long sword

Illustrated notes

Levels and vault maps discovered:
D:1:      mrwooster_arrival_statue, layout_basic,
          shapermc_ecumenical_altar_notcrosses
D:2:      layout_loops_ring, nrook_uturn
D:3:      layout_basic
D:4:      layout_gridville, grunt_temple_overflow_cloverleaf,
          gammafunk_ghost_split, nicolae_letterblocks [nicolae_letter_subblock,
          nicolae_letter_subblock, nicolae_letter_subblock,
          nicolae_letter_subblock, nicolae_letter_subblock,
          nicolae_letter_subblock, nicolae_letter_subblock,
          nicolae_letter_subblock, nicolae_letter_subblock,
          nicolae_letter_subblock, nicolae_letter_subblock,
          nicolae_letter_subblock, nicolae_letter_subblock,
          nicolae_letter_subblock, nicolae_letter_subblock,
          nicolae_letter_subblock, nicolae_letter_subblock,
          nicolae_letter_subblock, nicolae_letter_subblock,
          nicolae_letter_subblock, nicolae_letter_subblock,
          nicolae_letter_subblock, nicolae_letter_subblock,
          nicolae_letter_subblock, nicolae_letter_subblock], uniq_blork_the_orc
D:5:      layout_rooms, nicolae_uskayaw_dance_hall, minmay_liquid_box
D:6:      layout_loops_ring, minmay_temple_entry_drinking_statues,
          solitary_fountain, kennysheep_generic_room_4
D:7:      layout_rooms, item_on_display_a, uniq_crazy_yiuf_cottage
D:8:      layout_rooms, kennysheep_mini_moat
D:9:      layout_roguey, lair_entry_dummy, wad_scary_box, uniq_harold,
          uniq_erica
D:10:     layout_cave_pools, orc_0_dummy, serial_shops, nicolae_shop_scrapyard,
          corexii_leaking_fountain, uniq_grum
D:11:     layout_basic
D:12:     layout_big_octagon, serial_shops, nicolae_shop_tiny_real_fake_doors
D:13:     kennysheep_tiny_hell, layout_long_grid, uniq_urug
D:14:     lemuel_ice_spiral_2, layout_irregular_city,
          hellmonk_vaults_order_and_chaos, serial_bayou_ford_a, roderic_batcave
D:15:     gammafunk_enter_depths_forms, layout_basic, serial_park_square2
Temple:   kb_temple_of_zot
Lair:1:   layout_roguey, infiniplex_staircase_pool_2, lemuel_fruit_tree
Lair:2:   layout_regular_city, palyth_hydra_swamp_entry,
          guppyfry_snake_entry_garden
Lair:3:   layout_cave_pods, grunt_megastairs_4
Lair:4:   layout_gridlike, gammafunk_ghost_hydra_chop, uniq_nessos
Lair:5:   due_jungle_book, layout_misc_corridors, slime_entry_1, enter_volcano_1
Snake:1:  layout_gridlike, serial_bayou_shore_b
Snake:2:  layout_layer_cave, serial_bayou_shore_a, uniq_roxanne, uniq_frances
Snake:3:  layout_chambers, portal_ice_cave_entry_pillars_four, serial_shops,
          nicolae_shop_behind_doors, serial_bayou_pond_c,
          nicolae_snake_double_loop, serial_bayou_lake_a, uniq_asterion,
          uniq_aizul, uniq_vashnia
Snake:4:  hellmonk_snake_rune_quicksilver_temple, layout_layer_cave,
          minmay_shoptagon, uniq_louise, uniq_donald, uniq_mlioglotl, uniq_agnes
Orc:1:    dreamdust_wu_jian_sword_trials, layout_caves, serial_shops,
          shop_fountains
Orc:2:    grunt_orc_cross, layout_caves, basic_altar, uniq_jorgrun
Elf:1:    eino_elf_arrival_sip, layout_rooms, hangedman_elf_represent,
          minmay_shop_star

Skill      XL: |  1  2  3  4  5  6  7  8  9 10 11 12 13 14 15 16 17 |
---------------+----------------------------------------------------+-----
Maces & Flails | 2 3 4 5 6 7 8 9 |  9.0
Dodging        | 2 3 4 5 6 7 8 9 |  9.4
Fighting       | 3 4 5 6 7 8 9 10 11 12 13 | 13.4
Armour         | 1 2 3 5 6 7 8 9 10 11 12 13 | 13.0
Axes           | 1 |  1.5
Evocations     | 2 3 5 6 7 8 10 11 12 | 12.4
Shields        | 3 4 6 8 9 11 | 11.4
Long Blades    | 4 9 10 11 12 13 | 13.1
Spellcasting   | 1 |  1.9
Stealth        | |  4.7

Action                     |  1- 3 |  4- 6 |  7- 9 | 10-12 | 13-15 | 16-18 || total
---------------------------+-------+-------+-------+-------+-------+-------++-------
  Melee: Mace              |    49 |       |       |       |       |       ||    49
         Hand axe          |    54 |    37 |       |       |       |       ||    91
         Punch             |     1 |     2 |     5 |       |       |       ||     8
         Morningstar       |       |   101 |   333 |  1039 |       |       ||  1473
         Demon blade       |       |       |       |    86 |  2361 |   813 ||  3260
         Scimitar          |       |       |       |       |    15 |       ||    15
  Evoke: Wand              |       |       |    10 |    34 |    21 |    23 ||    88
         Phantom mirror    |       |       |       |     4 |     3 |     2 ||     9
         Tin of tremorston |       |       |       |       |       |     4 ||     4
         Phial of floods   |       |       |       |       |       |     2 ||     2
         Lightning rod     |       |       |       |       |       |     1 ||     1
    Use: Scroll            |       |     7 |     3 |    18 |    16 |    12 ||    56
         Potion            |       |       |     2 |     9 |     7 |     4 ||    22
   Stab: Sleeping          |     9 |       |     1 |     1 |       |       ||    11
         Distracted        |       |       |       |     1 |     1 |     1 ||     3
         Invisible         |       |       |       |     8 |       |       ||     8
 Armour: Leather armour    |    50 |    73 |   160 |       |       |       ||   283
         Scale mail        |       |       |    51 |   499 |   133 |       ||   683
         Plate armour      |       |       |       |       |   991 |   371 ||  1362
  Dodge: Dodged            |    85 |   142 |   411 |  1130 |  2025 |   437 ||  4230
  Block: Buckler           |       |       |       |    54 |       |       ||    54
         Kite shield       |       |       |       |   617 |  1513 |    92 ||  2222
         Tower shield      |       |       |       |       |       |   725 ||   725

Table legend: (Time is in decaauts)
 A = Elapsed time spent in this place.
 B = Non-inter-level travel time spent in this place.
 C = Inter-level travel time spent in this place.
 D = Time resting spent in this place.
 E = Time spent auto-exploring this place.
 F = Levels seen in this place.
 G = Mean time per level.
                   A        B        C        D        E       F      G
               +--------+--------+--------+--------+--------+-----+--------+
         Total |  33181 |  30662 |   2519 |   5487 |  15222 |  29 | 1144.2 |
       Dungeon |  14909 |  13740 |   1169 |   2434 |   7289 |  15 |  993.9 |
        Temple |    214 |    214 |      0 |    160 |      0 |   1 |  214.0 |
          Lair |   8199 |   7438 |    761 |   1572 |   3283 |   5 | 1639.8 |
     Snake Pit |   6871 |   6454 |    417 |    887 |   3745 |   4 | 1717.8 |
  Orcish Mines |   2776 |   2606 |    170 |    341 |    902 |   2 | 1388.0 |
   Elven Halls |     36 |     36 |      0 |      6 |      2 |   1 |   36.0 |
      Ice Cave |    174 |    174 |      0 |     85 |      0 |   1 |  174.0 |
               +--------+--------+--------+--------+--------+-----+--------+

Top non-repeatable levels by time:
 Snake:3: 2559 daAuts
  Lair:4: 2246 daAuts
     D:9: 1934 daAuts
  Lair:1: 1676 daAuts
 Snake:2: 1671 daAuts
 Snake:4: 1617 daAuts
  Lair:3: 1527 daAuts
   Orc:2: 1502 daAuts
  Lair:5: 1458 daAuts
    D:10: 1343 daAuts
  Lair:2: 1289 daAuts
   Orc:1: 1273 daAuts
     D:4: 1140 daAuts
    D:13: 1133 daAuts
     D:3: 1116 daAuts
